 Dungeon Crawl Stone Soup version 0.27.1-34-g3ba077fa99 (webtiles) character file.

Game seed: 1711748917872507986

40116 pkoi the Devastator (level 13, -3/96 HPs)
             Began as a Pale Draconian Conjurer on Jan 27, 2022.
             Was an Elder of Vehumet.
             Killed from afar by an oklob plant (16 damage)
             ... with a splash of acid
             ... on level 5 of the Lair of Beasts.
             The game lasted 00:35:25 (21235 turns).

pkoi the Devastator (Pale Draconian Conjurer)      Turns: 21235, Time: 00:35:26

Health: -3/96      AC:  1    Str: 10    XL:     13   Next: 72%
Magic:  26/35      EV: 28    Int: 30    God:    Vehumet [****..]
Gold:   1108       SH:  4    Dex:  9    Spells: 14/30 levels left

rFire    . . .     SeeInvis .   N - staff of cold
rCold    + . .     Faith    .   F - +0 buckler {reflect}
rNeg     . . .     Spirit   .   (armour unavailable)
rPois    +         Reflect  +   L - +1 hat {Will+}
rElec    .         Harm     .   e - +0 cloak
rCorr    .         Rampage  .   a - +1 pair of gloves
Will     +....                  j - +0 pair of boots
Stlth    ++........             v - amulet "Ytrocki" {Acrobat rPois Regen+}
HPRegen  1.26/turn              i - +6 ring of intelligence
MPRegen  0.24/turn              x - ring of magical power

@: corroded, acrobatic
A: breathe steam, AC +8, unfitting armour, cold-blooded, steam resistance
a: Breathe Steam, Renounce Religion


You were on level 5 of the Lair of Beasts.
You worshipped Vehumet.
Vehumet was greatly pleased with you.
You visited 3 branches of the dungeon, and saw 16 of its levels.

You collected 1108 gold pieces.

Inventory:

Hand Weapons
 d - a +1 short sword
 g - the +4 glaive of the Eternal Warrior {flame, rN+ MP-9 Dex+4 SInv}
   (You found it on level 6 of the Dungeon)

   It burns those it strikes, dealing additional fire damage.
   Big, fiery blades are also staple armaments of hydra-hunters.
   Dex:       It affects your dexterity (+4).
   rN:        It protects you from negative energy.
   MP:        It affects your magic capacity (-9).
   SInv:      It lets you see invisible.
 s - a +2 rapier of protection
 t - a +4 short sword of electrocution
Missiles
 w - a throwing net
Armour
 a - a +1 pair of gloves (worn)
 e - a +0 cloak (worn)
 j - a +0 pair of boots (worn)
 F - a +0 buckler of reflection (worn)
 L - a +1 hat of willpower (worn)
Magical Staves
 N - a staff of cold (weapon)
Jewellery
 i - a +6 ring of intelligence (left hand)
 l - a ring of fire
 v - the amulet "Ytrocki" (around neck) {Acrobat rPois Regen+}
   (You acquired it on level 1 of the Lair of Beasts)

   [amulet of the acrobat]

   It increases your evasion while moving and waiting.
   rPois:     It protects you from poison.
   Regen:     It increases your rate of health regeneration.
 x - a ring of magical power (right hand)
 B - a ring of see invisible
 C - a ring of resist corrosion
Wands
 n - a wand of paralysis (5)
 q - a wand of acid (13)
 r - a wand of polymorph (17)
 D - a wand of flame (15)
 E - a wand of iceblast (16)
 J - a wand of digging (7)
Scrolls
 y - 2 scrolls of silence
 G - a scroll of amnesia
 H - 4 scrolls of teleportation
 I - a scroll of fog
 M - 2 scrolls of enchant armour
 O - 2 scrolls of identify
Potions
 b - 4 potions of magic
 c - 8 potions of curing
 f - a potion of cancellation
 h - 3 potions of berserk rage
 k - 3 potions of lignification
 m - 2 potions of resistance
 o - a potion of brilliance
 p - a potion of heal wounds
 u - a potion of invisibility
 z - 5 potions of flight
 A - a potion of ambrosia
 K - a potion of haste


   Skills:
 + Level 3.9 Fighting
 - Level 1.2 Staves
 + Level 6.3 Dodging
 - Level 1.7 Stealth
 - Level 4.0 Shields
 - Level 9.0 Spellcasting
 + Level 17.2 Conjurations
 + Level 6.6 Ice Magic
 + Level 7.3 Air Magic
 - Level 1.1 Earth Magic
 - Level 1.1 Poison Magic
 - Level 1.3 Evocations


You had 14 spell levels left.
You knew the following spells:

 Your Spells              Type           Power      Damage    Failure   Level
a - Magic Dart            Conj           100%       1d8       0%          1
b - Searing Ray           Conj           100%       3d7       0%          2
c - Mephitic Cloud        Conj/Pois/Air  59%        N/A       1%          3
d - Freezing Cloud        Conj/Ice/Air   42%        6-21      1%          5
e - Lightning Bolt        Conj/Air       36%        1d54      1%          5

Your spell library contained the following spells:

 Spells                   Type           Power      Damage    Failure   Level
 Sandblast                Erth           40%        2d10      1%          1
 Corpse Rot               Necr/Air       N/A        N/A       1%          2
 Ensorcelled Hibernation  Hex/Ice        100%       N/A       1%          2
 Poisonous Vapours        Pois/Air       76%        N/A       1%          2
 Dazzling Flash           Conj/Hex       100%       N/A       1%          3
 Fulminant Prism          Conj/Hex       30%        3d16      1%          4
 Iskenderun's Mystic Bla  Conj/Tloc      60%        2d13      1%          4
 Corona                   Hex            14%        N/A       3%          1
 Sting                    Tmut/Pois      64%        1d6       3%          1
 Iron Shot                Conj/Erth      31%        9d6       4%          6
 Starburst                Conj/Fire      30%        6d9       4%          6
 Sublimation of Blood     Necr           6%         N/A       6%          2
 Wereblood                Tmut           13%        N/A       6%          2
 Olgreb's Toxic Radiance  Pois           20%        N/A       7%          4
 Tukima's Dance           Hex            13%        N/A       12%         3
 Dispel Undead            Necr           13%        3d9       36%         4
 Blade Hands              Tmut           6%         N/A       71%         5
 Death Channel            Necr           6%         N/A       99%         6
 Summon Hydra             Summ           6%         N/A       100%        7
 Animate Armour           Summ/Erth      Unusable   N/A       N/A         4

Dungeon Overview and Level Annotations

Branches:
Dungeon (10/15)            Temple (1/1) D:4            Lair (5/6) D:9
  Swamp (0/4) Lair:3       Spider (0/4) Lair:2          Orc (0/2) D:10
  Slime: Lair:5-6

Altars:
Ashenzari
Cheibriados
Dithmenos
Elyvilon
Fedhas
Gozag
Hepliaklqana
Kikubaaqudgha
Makhleb
Nemelex Xobeh
Okawaru
Qazlal
Ru
Sif Muna
Trog
Uskayaw
Vehumet
Wu Jian
Xom
Yredelemnul
Zin
The Shining One
Beogh

Shops:
D:8 *   D:9 (

Annotations:
Lair:5 2 transporters, exclusion: 4 oklob plants, WaxSun's ghost, journeyman DjCj


Innate Abilities, Weirdness & Mutations

You can breathe blasts of scalding, opaque steam.
Your pale cyan-grey scales are hard. (AC +8)
You cannot fit into any form of body armour.
You are cold-blooded and may be slowed by cold attacks.
You are immune to the effects of steam.


Message History

Aim: an oklob plant You feel a surge of power!
The oklob plant is engulfed in freezing vapours.
Casting: Freezing Cloud (mildly dangerous; 1% risk of failure)
Confirm with . or Enter, or press ? or * to list all spells.
Aiming: Freezing Cloud (mildly dangerous; 1% risk of failure)
Press: ? - help, Dir - move target, f - oklob plant, p - oklob plant
Aim: an oklob plant You feel a surge of power!
The oklob plant is engulfed in freezing vapours. x4
Unknown command.
Press: ? - help, v - describe, . - travel
Here: an oklob plant (freezing vapour, moderately damaged)
The floor.
Unknown command.
The oklob plant is engulfed in freezing vapours. x3
The oklob plant spits acid at you. The splash of acid hits you.
The acid corrodes you!
You are splashed with acid!
The oklob plant is engulfed in freezing vapours.
The oklob plant is engulfed in freezing vapours. x4
The oklob plant spits acid at you.
Your +0 buckler of reflection reflects the splash of acid!
The splash of acid hits the oklob plant.
The oklob plant completely resists.
Unknown command.
The oklob plant is engulfed in freezing vapours.
The oklob plant spits acid at you. The splash of acid hits you!
You are splashed with acid!
* * * LOW HITPOINT WARNING * * *
The oklob plant is engulfed in freezing vapours.
The oklob plant spits acid at you. The splash of acid hits you!
* * * LOW HITPOINT WARNING * * *
The acid corrodes you!
You are splashed with acid!
* * * LOW HITPOINT WARNING * * *
The oklob plant is engulfed in freezing vapours. x2
The oklob plant is engulfed in freezing vapours.
The oklob plant spits acid at you. The splash of acid hits you!
You die...

##.... ....##....##.P.
#...+.+.........##.P#.
....##........###.P#.
######.....##......##..P.
P§§§.P..#P.#PP...........
§P§§.P...................
§P§§...÷.................
§§§.[..........†.........
§P§§(...@................
######.......#..........#
#..#.#....#...#....##.
#...#......#........#.
##...#......#........##
#..........##..P##....#
#..........#.....#....#
##...#..##..#..P#.....†
##......#P.....##..#.#†


You could see 3 oklob plants.

Vanquished Creatures
  Gastronok (Lair:2)
  Harold (Lair:1)
  A fire dragon (Lair:3)
  A boulder beetle (Lair:1)
  6 hydras
  A death yak (Lair:4)
  3 two-headed ogres
  Nergalle (D:10)
  A fire crab (Lair:5)
  A lindwurm (Lair:2)
  Pikel (D:6)
  An orc knight (D:10)
  A cyclops (D:7)
  5 elephants (Lair:2)
  6 black mambas
  9 cane toads
  5 komodo dragons
  2 rime drakes (Lair:4)
  2 kobold demonologists
  A troll (D:10)
  8 polar bears
  A merfolk (shapeshifter) (D:8)
  3 hornets
  Grinder (D:6)
  4 blink frogs
  A dream sheep (Lair:4)
  36 yaks
  3 wyverns
  6 basilisks
  Eustachio (D:6)
  Grum (D:9)
  A steam dragon (Lair:2)
  Edmund (D:6)
  12 water moccasins
  10 black bears
  An ice beast (D:6)
  6 orc warriors
  2 necrophages
  5 ogres
  4 wolves (Lair:3)
  3 centaurs
  4 kobold brigands
  A lemure (D:6)
  15 bullfrogs
  2 gnoll sergeants
  6 scorpions
  A wyvern skeleton (D:7)
  An electric eel (D:10)
  3 centaur zombies
  3 centaur skeletons
  A jelly (D:6)
  14 hounds
  A gnoll shaman (D:7)
  6 orc priests
  A bullfrog skeleton (D:5)
  Crazy Yiuf (D:6)
  Jessica (D:3)
  10 orc wizards
  An iguana (D:6)
  A scorpion zombie (D:3)
  A killer bee zombie (D:8)
  A howler monkey zombie (D:9)
  Robin (D:3)
  13 gnolls
  3 howler monkey skeletons
  4 adders
  A white imp (D:5)
  An adder skeleton (D:4)
  3 dart slugs
  6 worms
  41 orcs
  2 bats
  6 endoplasms
  4 giant cockroaches
  16 goblins
  8 hobgoblins
  2 jackals (D:2)
  2 quokkas
  A ball python (D:4)
  A frilled lizard (D:3)
  A jackal skeleton (D:4)
  16 kobolds
  3 rats
  A butterfly (Lair:3)
371 creatures vanquished.

Vanquished Creatures (others)
  30 fungi
  52 plants
82 creatures vanquished.

Grand Total: 453 creatures vanquished

Notes
Turn   | Place    | Note
-------+----------+-------------------------------------------
     0 | D:1      | pkoi the Draconian Conjurer began the quest for the Orb.
     0 | D:1      | Reached XP level 1. HP: 14/14 MP: 3/3
   108 | D:1      | Found a faded altar of an unknown god.
   116 | D:1      | Got Plato's Catalogue of Stones
   629 | D:1      | Reached XP level 2. HP: 20/20 MP: 1/5
   675 | D:1      | Learned a level 2 spell: Searing Ray
  2061 | D:2      | Reached XP level 3. HP: 18/26 MP: 4/6
  2180 | D:2      | Found a bloodstained altar of Trog.
  2975 | D:3      | Noticed Robin
  3064 | D:3      | Reached skill level 5 in Conjurations
  3294 | D:3      | Killed Robin
  3295 | D:3      | Reached XP level 4. HP: 33/33 MP: 3/8
  3745 | D:3      | Noticed a water moccasin
  3750 | D:3      | Killed a water moccasin
  3751 | D:3      | Reached skill level 6 in Conjurations
  3751 | D:3      | Reached XP level 5. HP: 38/38 MP: 1/10
  4105 | D:3      | Found a shadowy altar of Dithmenos.
  4280 | D:3      | Noticed Jessica
  4286 | D:3      | Killed Jessica
  4592 | D:3      | Reached XP level 6. HP: 45/45 MP: 9/11
  5162 | D:4      | Found a staircase to the Ecumenical Temple.
  5177 | Temple   | Entered the Ecumenical Temple
  5470 | Temple   | Became a worshipper of Vehumet
  5657 | D:4      | Noticed a hornet
  5726 | D:4      | Killed a hornet
  5727 | D:4      | Reached skill level 7 in Conjurations
  5727 | D:4      | Your scales start taking on a pale cyan-grey colour.
  5727 | D:4      | Reached XP level 7. HP: 50/50 MP: 3/13
  5727 | D:4      | Gained mutation: You are immune to the effects of steam.
                  | [Pale Draconian growth]
  6073 | D:5      | Entered Level 5 of the Dungeon
  6273 | D:5      | Reached skill level 8 in Conjurations
  6498 | D:5      | Reached skill level 5 in Spellcasting
  6800 | D:5      | Found a shimmering blue altar of Sif Muna.
  6888 | D:5      | Reached XP level 8. HP: 57/57 MP: 15/15
  7166 | D:6      | Noticed Grinder
  7170 | D:6      | Killed Grinder
  7171 | D:6      | Reached skill level 9 in Conjurations
  7253 | D:6      | Noticed Pikel
  7260 | D:6      | Killed Pikel
  7261 | D:6      | Reached skill level 10 in Conjurations
  7489 | D:6      | Reached XP level 9. HP: 62/62 MP: 18/18
  7638 | D:6      | Reached * piety under Vehumet
  7638 | D:6      | Offered knowledge of Foxfire by Vehumet.
  7896 | D:6      | Noticed Eustachio
  7901 | D:6      | Killed Eustachio
  7905 | D:6      | Identified the +4 glaive of the Eternal Warrior {flame, rN+
                  | MP-9 Dex+4 SInv}
  7980 | D:6      | Noticed Edmund
  7990 | D:6      | Killed Edmund
  7991 | D:6      | Reached skill level 11 in Conjurations
  8310 | D:6      | Found a runed translucent door.
  8311 | D:6      | Noticed Crazy Yiuf
  8317 | D:6      | Killed Crazy Yiuf
  8381 | D:7      | Noticed a cyclops
  9042 | D:7      | Found an ancient bone altar of Kikubaaqudgha.
  9179 | D:7      | Found a sacrificial altar of Ru.
  9183 | D:7      | Killed a cyclops
  9183 | D:7      | Reached ** piety under Vehumet
  9184 | D:7      | Reached skill level 12 in Conjurations
  9260 | D:8      | Found Kuboybb's Assorted Antiques.
  9268 | D:8      | Offered knowledge of Freeze by Vehumet.
  9494 | D:8      | Reached XP level 10. HP: 69/69 MP: 21/21
 10043 | D:8      | Reached skill level 1 in Evocations
 10081 | D:8      | Noticed a faun
 10140 | D:8      | Reached skill level 1 in Staves
 10582 | D:9      | Found a staircase to the Lair.
 10707 | D:9      | Offered knowledge of Frozen Ramparts by Vehumet.
 10813 | D:9      | Found Taypn's Antique Weapon Boutique.
 11004 | D:9      | Reached skill level 13 in Conjurations
 11100 | D:9      | Paralysed by a hornet for 2 turns
 11438 | D:9      | Noticed a two-headed ogre
 11446 | D:9      | Killed a two-headed ogre
 11538 | D:9      | Reached *** piety under Vehumet
 11702 | D:9      | Offered knowledge of Conjure Flame by Vehumet.
 11801 | D:9      | Noticed Grum
 11804 | D:9      | Killed Grum
 12055 | D:10     | Entered Level 10 of the Dungeon
 12107 | D:9      | Noticed an orange demon
 12223 | D:10     | Noticed a two-headed ogre
 12229 | D:10     | Killed a two-headed ogre
 12230 | D:10     | Reached skill level 14 in Conjurations
 12230 | D:10     | Reached XP level 11. HP: 67/74 MP: 24/24
 13277 | D:10     | Noticed an orc knight
 13305 | D:10     | Killed an orc knight
 13395 | D:10     | Found a staircase to the Orcish Mines.
 13398 | D:10     | Noticed a two-headed ogre
 13412 | D:10     | Killed a two-headed ogre
 13413 | D:10     | Reached skill level 15 in Conjurations
 13802 | D:10     | Noticed Nergalle
 13814 | D:10     | Killed Nergalle
 13814 | D:10     | Reached **** piety under Vehumet
 13989 | Lair:1   | Entered Level 1 of the Lair of Beasts
 14245 | Lair:1   | Offered knowledge of Mephitic Cloud by Vehumet.
 14295 | Lair:1   | Learned a level 3 spell: Mephitic Cloud
 14318 | Lair:1   | Identified a scroll of acquirement
 14318 | Lair:1   | Acquired the amulet "Ytrocki" {Acrobat rPois Regen+}
 14480 | Lair:1   | Reached skill level 16 in Conjurations
 14780 | Lair:1   | Identified the +6 spear of Selen {vorpal, rF- rN+ SInv}
 14801 | Lair:1   | Noticed Harold
 15036 | Lair:1   | Killed Harold
 15037 | Lair:1   | Reached XP level 12. HP: 63/81 MP: 25/25
 15136 | Lair:1   | Learned a level 5 spell: Freezing Cloud
 15136 | Lair:1   | Found a hide-covered altar of Uskayaw.
 15136 | Lair:1   | Found an ornate altar of the Wu Jian Council.
 15136 | Lair:1   | Noticed a boulder beetle
 15144 | Lair:1   | Killed a boulder beetle
 15533 | Lair:1   | Reached skill level 1 in Ice Magic
 15533 | Lair:1   | Reached skill level 1 in Air Magic
 15533 | Lair:1   | Reached skill level 1 in Earth Magic
 15533 | Lair:1   | Reached skill level 1 in Poison Magic
 16068 | Lair:2   | Reached ***** piety under Vehumet
 16072 | Lair:2   | Offered knowledge of Lightning Bolt by Vehumet.
 16091 | Lair:2   | Reached skill level 5 in Air Magic
 16238 | Lair:2   | Noticed a seven-headed hydra
 16243 | Lair:2   | Killed a seven-headed hydra
 16605 | Lair:2   | Found a hole to the Spider Nest.
 16618 | Lair:2   | Noticed Gastronok
 16627 | Lair:2   | Killed Gastronok
 16628 | Lair:2   | Reached skill level 5 in Dodging
 16628 | Lair:2   | Reached skill level 5 in Ice Magic
 16633 | Lair:2   | Reached XP level 13. HP: 63/86 MP: 16/26
 17203 | Lair:3   | Reached skill level 1 in Shields
 17357 | Lair:3   | Found a staircase to the Swamp.
 18267 | Lair:3   | Noticed a fire dragon
 18291 | Lair:3   | Killed a fire dragon
 18401 | Lair:3   | Identified the +1 robe of Sak Epa {Will+}
 18627 | Lair:4   | Reached skill level 1 in Fighting
 18914 | Lair:4   | Learned a level 5 spell: Lightning Bolt
 19312 | Lair:4   | Reached skill level 17 in Conjurations
 20402 | Lair:5   | Found a transporter.
 20402 | Lair:5   | Found a transporter.
 20500 | Lair:5   | Noticed WaxSun's ghost (journeyman DjCj)
 21235 | Lair:5   | Killed from afar by an oklob plant

Illustrated notes

Levels and vault maps discovered:
D:1:      wheals_arrival_linesprint, layout_basic,
          shapermc_ecumenical_altar_rom_forum
D:2:      layout_basic, basic_altar, item_on_display_a
D:3:      layout_loops_ring, mainiacjoe_overflow_alcove_2, uniq_jessica,
          uniq_robin
D:4:      layout_rooms, minmay_temple_entry_junction
D:5:      layout_gridville, mainiacjoe_overflow_boulevard
D:6:      layout_loops_ring, minmay_misc_feat_alley, uniq_crazy_yiuf_cottage,
          uniq_edmund, uniq_grinder, uniq_eustachio, uniq_pikel
D:7:      layout_basic, nicolae_kikubaaqudgha_miasma_corner,
          nicolae_ru_the_path_less_chosen, minmay_misc_feat_diagonals
D:8:      kennysheep_big_flooded_room, layout_basic, serial_shops, shop
D:9:      layout_cross, david_lair_generic, serial_gnoll_camp,
          gnoll_camp_mini_hut, grums_kennel, gnoll_camp_mini_doghouse,
          gnoll_camp_mini_shop
D:10:     layout_long_grid, david_orc_5, nrook_pool_corridor, uniq_nergalle
Temple:   dpeg_five_rooms_temple
Lair:1:   beast_lair_carwin_large_4, layout_regular_city,
          nzn_masters_of_martial_movement, lemuel_fruit_fields, uniq_harold
Lair:2:   layout_gridlike, nicolae_spider_entry_non_spiders,
          chequers_serial_rivers_micro_b, serial_bayou_shore_a, uniq_gastronok
Lair:3:   dragon1_lemuel, layout_loops_ring, swamp_mist, st_stairs_8,
          guppyfry_lair_drakes, lemuel_fruit_fields
Lair:4:   layout_regular_city, serial_bayou_pond_a, minmay_shattered_shrine
Lair:5:   layout_regular_city, gammafunk_ghost_hive, st_stairs_3,
          minmay_lair_oklob_chamber

Skill      XL: |  1  2  3  4  5  6  7  8  9 10 11 12 13 |
---------------+----------------------------------------+-----
Conjurations   | 5 6 7 8 10 12 14 16 17 | 17.2
Spellcasting   | 3 4 5 6 7 9 |  9.0
Evocations     | 1 |  1.3
Staves         | 1 |  1.2
Ice Magic      | 5 6 |  6.6
Air Magic      | 5 7 |  7.3
Earth Magic    | 1 |  1.1
Poison Magic   | 1 |  1.1
Dodging        | 5 6 |  6.3
Shields        | 4 |  4.0
Fighting       | 3 |  3.9
Stealth        | |  1.7

Action                   |  1- 3 |  4- 6 |  7- 9 | 10-12 | 13-15 || total
-------------------------+-------+-------+-------+-------+-------++-------
Melee: Unarmed           |     3 |       |       |       |       ||     3
       Tailslap          |     3 |     2 |     1 |     5 |       ||    11
       Short sword       |    14 |    25 |     1 |       |       ||    40
       Rapier            |       |       |     6 |    33 |       ||    39
       Staff             |       |       |       |       |     1 ||     1
 Cast: Magic Dart        |    73 |    69 |    24 |    91 |     3 ||   260
       Searing Ray       |     3 |    12 |    49 |   143 |    37 ||   244
       Freezing Cloud    |       |       |       |    18 |    49 ||    67
 Abil: Breathe Steam     |       |       |     3 |     7 |       ||    10
  Use: Scroll            |     2 |       |     9 |    15 |     2 ||    28
       Potion            |       |       |       |     1 |       ||     1
 Stab: Sleeping          |       |     1 |       |       |       ||     1
Armor: Skin              |    11 |    12 |    12 |   143 |     6 ||   184
Dodge: Dodged            |    22 |    25 |    27 |   220 |    37 ||   331
Block: Other             |       |       |    11 |    42 |       ||    53
       Reflection        |       |       |       |     8 |     1 ||     9
       Buckler           |       |       |       |       |     7 ||     7
